 Dungeon Crawl Stone Soup version 0.27-a0-1217-g8a41f320e8 (webtiles) character file.

Game seed: 8697936909730899165

89 freelancePsychic the Cudgeller (level 4, -17/33 HPs)
             Began as a Human Wanderer on June 6, 2021.
             Demolished by an ogre
             ... wielding a +0 giant club
              (21 damage)
             ... on level 2 of the Dungeon.
             The game lasted 00:04:25 (2121 turns).

freelancePsychic the Cudgeller (Human Wanderer)     Turns: 2121, Time: 00:04:25

Health: -17/33     AC: 10    Str: 16    XL:     4   Next: 84%
Magic:  4/4        EV:  7    Int: 10    God:
Gold:   71         SH:  0    Dex: 12    Spells: 3/3 levels left

rFire    . . .     SeeInvis .   b - +0 dagger (venom)
rCold    . . .     Faith    .   (no shield)
rNeg     . . .     Spirit   .   g - +0 chain mail
rPois    .         Reflect  .   h - +1 helmet
rElec    .         Harm     .   (no cloak)
rCorr    .         Rampage  .   (no gloves)
Will     .....                  (no boots)
Stlth    ..........             (no amulet)
HPRegen  0.11/turn              (no ring)
MPRegen  0.09/turn              (no ring)

@: no status effects
A: no striking features
a: no special abilities


You were on level 2 of the Dungeon.
You visited 1 branch of the dungeon, and saw 2 of its levels.

You collected 71 gold pieces.

Inventory:

Hand Weapons
 a - a +2 mace
 b - a +0 dagger of venom (weapon)
 e - a +0 dagger
Missiles
 c - 36 arrows
 j - 38 sling bullets
Armour
 d - a +0 robe
 g - a +0 chain mail (worn)
 h - a +1 helmet (worn)
Jewellery
 f - a ring of magical power
Potions
 i - a potion of brilliance
 k - a potion of might {unknown}


   Skills:
 + Level 2.0 Fighting
 * Level 4.6 Maces & Flails
 - Level 1.0 Throwing
 - Level 3.0 Dodging
 - Level 2.0 Stealth
 - Level 1.0 Evocations


You had 3 spell levels left.
You didn't know any spells.
Your spell library contained the following spells:

 Spells                   Type           Power      Damage    Failure   Level
 Beastly Appendage        Tmut           0%         N/A       100%        1
 Wereblood                Tmut           0%         N/A       100%        2
 Spider Form              Tmut/Pois      0%         N/A       100%        3
 Ice Form                 Ice/Tmut       0%         N/A       100%        4
 Hydra Form               Tmut           0%         N/A       100%        5


Dungeon Overview and Level Annotations

Branches:
Dungeon (2/15)

Altars:


Message History

The worm is severely wounded.
You hit the worm.
The worm is almost dead.
You kill the worm!
No target in view!
No target in view!
No target in view!
No target in view!
No target in view!
No target in view!
No target in view!
No target in view!
No target in view!
No target in view!
No target in view!
No target in view!
No target in view!
No target in view!
No target in view!
Found a leather armour.
Found a stone staircase leading up.
You see here a +0 leather armour.
You see here a +0 dagger.
There is an open door here.
An ogre is nearby!
The ogre shouts!
You completely miss the ogre. The ogre hits you with a +0 giant club!
You hit the ogre.
The ogre is poisoned.
The ogre is lightly wounded.
The ogre barely misses you.
You hit the ogre.
The ogre is lightly wounded.
You hit the ogre.
The ogre looks even sicker.
The ogre is heavily wounded.
The ogre hits you with a +0 giant club!!
Ouch! That really hurt!
* * * LOW HITPOINT WARNING * * *
The ogre hits you with a +0 giant club!!
Ouch! That really hurt!
You die...

..# #.##.##.# ..#
#..#.##.# ..# ##.#.##.#
..# #.#.##.# ..#
#....#.####### ###
##.#.#.......#
#.#...#####.#
#######.##..#####.####
####...........O@.......#
......####.....#####.##.#
......# ##....#<.....#.#
......# #....#####..#.#
####.## ##............#
#.# #.#.############# #.#
#........@......#
#.#######.#..##########.#
#.........[....# #.#


You could see an ogre (poisoned).

Vanquished Creatures
  Terence (D:2)
  An adder (D:2)
  3 worms (D:2)
  A dart slug (D:2)
  5 endoplasms
  2 giant cockroaches
  7 goblins
  3 hobgoblins (D:2)
  2 jackals (D:1)
  2 quokkas
  2 ball pythons (D:1)
  4 bats (D:1)
  4 frilled lizards
  7 kobolds
  3 rats
47 creatures vanquished.

Notes
Turn   | Place    | Note
-------+----------+-------------------------------------------
     0 | D:1      | freelancePsychic the Human Wanderer began the quest for the
                  | Orb.
     0 | D:1      | freelancePsychic set off with the following items: a +2
                  | mace, a +0 hand axe, a potion of lignification, a +0 robe,
                  | a +0 dagger
     0 | D:1      | Reached XP level 1. HP: 13/13 MP: 1/1
   326 | D:1      | Reached XP level 2. HP: 20/20 MP: 2/2
   601 | D:1      | Reached skill level 1 in Fighting
   695 | D:1      | You fall into a shaft and drop 1 floor!
   697 | D:2      | Reached XP level 3. HP: 26/26 MP: 3/3
   727 | D:2      | Noticed Terence
   833 | D:2      | Killed Terence
   834 | D:2      | Reached skill level 4 in Maces & Flails
   834 | D:2      | Reached XP level 4. HP: 28/33 MP: 4/4
  1051 | D:2      | Noticed an ogre
  2121 | D:2      | Demolished by an ogre

Illustrated notes

Levels and vault maps discovered:
D:1:      sevenhm_arrival_forest_fort_large_2, layout_loops_ring, minmay_tripent
D:2:      layout_basic, uniq_terence

Skill      XL: |  1  2  3  4 |
---------------+-------------+-----
Fighting       | 1 2 |  2.0
Maces & Flails | 4 |  4.6
Throwing       | |  1.0
Dodging        | |  3.0
Stealth        | |  2.0
Evocations     | |  1.0

Action                   |  1- 3 |  4- 6 || total
-------------------------+-------+-------++-------
Melee: Mace              |    64 |    29 ||    93
       Unarmed           |     9 |     8 ||    17
       Dagger            |       |    28 ||    28
  Use: Scroll            |     2 |     1 ||     3
       Potion            |     1 |       ||     1
Armor: Chain mail        |    44 |    21 ||    65
       Skin              |    11 |     6 ||    17
Dodge: Dodged            |    28 |    14 ||    42

Table legend: (Time is in decaauts)
 A = Elapsed time spent in this place.
 B = Non-inter-level travel time spent in this place.
 C = Inter-level travel time spent in this place.
 D = Time resting spent in this place.
 E = Time spent auto-exploring this place.
 F = Levels seen in this place.
 G = Mean time per level.
                   A        B        C        D        E       F      G
               +--------+--------+--------+--------+--------+-----+--------+
         Total |   2138 |   2122 |     16 |      0 |   1672 |   2 | 1069.0 |
       Dungeon |   2138 |   2122 |     16 |      0 |   1672 |   2 | 1069.0 |
               +--------+--------+--------+--------+--------+-----+--------+

Top non-repeatable levels by time:
     D:1: 1374 daAuts
     D:2: 764 daAuts
